 Dungeon Crawl Stone Soup version 0.29.1-15-g9cfb28693d (webtiles) character file.

Game seed: 4397980042336120418

7962 Araneus the Covert (level 11, -8/45 HPs)
             Began as a Vine Stalker Brigand on Apr 7, 2023.
             Was a High Priest of Okawaru.
             Mangled by an orc warlord
             ... wielding a +1 long sword
              (18 damage)
             ... on level 9 of the Dungeon.
             The game lasted 00:38:18 (8931 turns).

Araneus the Covert (Vine Stalker Brigand)           Turns: 8931, Time: 00:38:19

Health: -8/45      AC:  9    Str: 10      XL:     11   Next: 23%
Magic:  0/21       EV: 20    Int: 10 (11) God:    Okawaru [*****.]
Gold:   562        SH:  6    Dex: 19 (21) Spells: 5/10 levels left

rFire   + . .      SeeInvis .   a - +2 dagger (vamp)
rCold   . . .      Faith    .   H - +0 buckler
rNeg    + . .      Spirit   +   b - +0 robe
rPois   .          Reflect  .   p - +2 hat
rElec   .          Harm     .   c - +0 cloak
rCorr   .          Rampage  .   A - +1 pair of gloves of Servitude {rN+ Str-3 Slay+2}
Will    +....                   N - +0 pair of boots
Stlth   +++++++...              M - amulet of regeneration
HPRegen 1.75/turn               y - ring of protection from fire
MPRegen 0.17/turn               s - ring of magical power

@: mighty, brilliant, heroic, hasted, very quick
A: fangs 3, regeneration 1, magic shield, antimagic bite, no potion heal 2,
deterioration 1, frail 1, evolution 1
a: Renounce Religion, Heroism, Finesse, Duel


You were on level 9 of the Dungeon.
You worshipped Okawaru.
Okawaru was extremely pleased with you.
You visited 3 branches of the dungeon, and saw 11 of its levels.
You also visited: Sewer.

You collected 562 gold pieces.

Inventory:

Hand Weapons
 a - a +2 vampiric dagger (weapon)
Missiles
 e - 4 curare-tipped darts (quivered)
Armour
 b - a +0 robe (worn)
 c - a +0 cloak (worn)
 p - a +2 hat (worn)
 A - the +1 pair of gloves of Servitude (worn) {rN+ Str-3 Slay+2}
   (You found it on level 4 of the Dungeon)

   Str:       It affects your strength (-3).
   Slay:      It affects your accuracy & damage with ranged weapons and melee
   (+2).
   rN:        It protects you from negative energy.
 H - a +0 buckler (worn)
 N - a +0 pair of boots (worn)
Jewellery
 q - a ring of protection from cold
 s - a ring of magical power (right hand)
 y - a ring of protection from fire (left hand)
 M - an amulet of regeneration (around neck)
Wands
 d - a wand of iceblast (6)
 C - a wand of acid (4)
 F - a wand of paralysis (27)
Scrolls
 f - 2 scrolls of fear
 g - a scroll of silence
 i - a scroll of amnesia
 j - 2 scrolls of brand weapon
 k - 3 scrolls of blinking
 m - 5 scrolls of teleportation
 J - 3 scrolls of magic mapping
Potions
 l - 5 potions of curing
 n - a potion of attraction
 v - 2 potions of flight
 B - 3 potions of heal wounds
 E - 2 potions of lignification


   Skills:
 - Level 1.7(6.7) Fighting
 + Level 11.0(16.0) Short Blades
 - Level 1.7(6.7) Throwing
 + Level 7.4(12.4) Dodging
 - Level 12.0(17.0) Stealth
 * Level 0.8(5.8) Shields
 * Level 1.0 Hexes
 * Level 0.9 Ice Magic


You had 5 spell levels left.
You knew the following spells:

 Your Spells              Type           Power      Damage    Failure   Level
a - Metabolic Englaciati  Hex/Ice        1%         N/A       100%        5

Your spell library contained the following spells:

 Spells                   Type           Power      Damage    Failure   Level
 Sandblast                Erth           0%         2d4       43%         1
 Passwall                 Tmut/Erth      0%         N/A       58%         2
 Static Discharge         Conj/Air       0%         3-3/arc   58%         2
 Sublimation of Blood     Necr           0%         N/A       58%         2
 Confusing Touch          Hex            3%         N/A       67%         3
 Portal Projectile        Hex/Tloc       2%         N/A       75%         3
 Conjure Flame            Conj/Fire      0%         6-21      82%         3
 Ignite Poison            Fire/Tmut/Pois 0%         N/A       82%         3
 Stone Arrow              Conj/Erth      0%         3d7       82%         3
 Anguish                  Hex/Necr       0%         N/A       98%         4
 Leda's Liquefaction      Hex/Erth       0%         N/A       98%         4
 Airstrike                Air            0%         2d(0-16)  99%         4
 Dispel Undead            Necr           0%         3d6       99%         4
 Petrify                  Tmut/Erth      0%         N/A       99%         4
 Sticky Flame             Conj/Fire      0%         2d3       99%         4
 Irradiate                Conj/Tmut      0%         3d11      100%        5
 Lightning Bolt           Conj/Air       0%         1d11      100%        5
 Yara's Violent Unravell  Hex/Tmut       0%         3d3       100%        5
 Statue Form              Tmut/Erth      0%         N/A       100%        6
 Enfeeble                 Hex            1%         N/A       100%        7
 Call Canine Familiar     Summ           Unusable   N/A       N/A         3
 Summon Lightning Spire   Summ/Air       Unusable   N/A       N/A         4

Dungeon Overview and Level Annotations

Branches:
Dungeon (9/15)             Temple (1/1) D:4             Orc (1/2) D:9
  Sewer (visited)
   Lair: D:8-11

Altars:
Ashenzari
Cheibriados
Dithmenos
Elyvilon
Gozag
Hepliaklqana
Kikubaaqudgha
Makhleb
Nemelex Xobeh
Okawaru
Qazlal
Ru
Sif Muna
Trog
Vehumet
Wu Jian
Xom
Yredelemnul
The Shining One

Shops:
D:4 *   D:7 [

Annotations:
D:6 6 runed translucent doors, Artool's ghost, novice DsFi; ghwc's ghost, amateur GrWr
Temple 2 transporters


Innate Abilities, Weirdness & Mutations

You have razor-sharp teeth.
Your natural rate of healing is unusually fast.
When hurt, damage is shared between your health and your magic reserves.
Your bite disrupts and absorbs the magic of your enemies.
Potions cannot restore your health.
Your body sometimes deteriorates upon taking damage.
You are frail. (-10% HP)
You have hidden genetic potential.


Message History

There is a staircase to the Orcish Mines, spattered with blood here.
You feel clever all of a sudden. The warg closely misses you.
The warg misses you. The ogre misses you. You block the orc warlord's attack.
You feel yourself speed up. The warg bites you but does no damage.
You block the warg's attack. The orc warlord completely misses you.
You feel very mighty all of a sudden.
You feel mightier all of a sudden. The warg completely misses you.
The warg closely misses you.
The ogre hits you with a +0 giant spiked club!!
Your body deteriorates!
You feel clumsy.
Unknown command.
You gain the combat prowess of a mighty hero.
The orc warlord barely misses you. The warg barely misses you.
The warg misses you.
You fail to use your ability.
The warg misses you. The orc warlord closely misses you.
The ogre barely misses you. The warg bites you!
Your body deteriorates!
You feel dopey.
You hit the ogre.
The ogre is moderately wounded.
You hit the ogre. You bite the ogre! You drain its power.
You feel invigorated.
The ogre is almost dead.
You block the warg's attack. The warg closely misses you.
You puncture the ogre!
You kill the ogre!
Okawaru accepts your kill.
The orc warlord hits you with a +1 long sword!
Your body deteriorates!
You feel clumsy.
Your base Short Blades skill increases to level 11!
Your Hexes skill increases to level 1!
You impale the warg!! You bite the warg. You drain its power.
You feel invigorated.
The warg is severely wounded.
The warg bites you!
* * * LOW HITPOINT WARNING * * *
You closely miss the warg. You bite the warg!
You kill the warg!
Okawaru accepts your kill.
The orc warlord hits you with a +1 long sword!!
You die...

..##..#).#.#.#........#.......##.
..+...#....#.#.#......#........#.
..###'#.##'#......(...'...#.#..#.
#.......#......#......#.#'#.#..#[
#.......'...................#..#.
#.......#....[.............(#..#.
#.......#....[..[...........#....
#...###.......[.[........>#......
.#....#........o@)........#......
.#....#........h)))..[....#......
.#...............................
...................[.............
..#........................#.....
..#........#+..#......#....'.....
..............##>..........#.....
......#.......##.........#.#.....
......#.......#####.#....#.#..<.#


You could see an orc warlord and a warg.

Vanquished Creatures
  3 two-headed ogres
  An unseen horror (D:9)
  A hornet (D:9)
  6 yaks (D:9)
  2 wargs (D:9)
  Menkaure (D:7)
  Edmund (D:5)
  A water moccasin (D:8)
  3 orc warriors (D:9)
  3 sky beasts
  2 ice beasts (D:6)
  A black bear (D:5)
  3 ogres
  A phantom (D:5)
  A centaur (D:8)
  4 kobold brigands
  5 bullfrogs
  2 necrophages
  7 gnoll sergeants
  4 wights (D:9)
  4 killer bees (D:9)
  A bullfrog zombie (D:6)
  8 hounds
  2 jellies
  4 orc priests
  A gnoll bouda (D:7)
  4 iguanas
  12 orc wizards
  A killer bee zombie (D:6)
  37 gnolls
  6 river rats (D:3)
  14 adders
  2 shadow imps
  A white imp (D:7)
  6 worms
  A dart slug (D:1)
  33 orcs
  7 endoplasms
  14 giant cockroaches
  8 goblins
  3 hobgoblins
  8 jackals
  7 quokkas
  10 ball pythons
  4 bats
  6 frilled lizards
  19 kobolds
  7 rats
282 creatures vanquished.

Notes
Turn   | Place    | Note
-------+----------+-------------------------------------------
     0 | D:1      | Araneus the Vine Stalker Brigand began the quest for the
                  | Orb.
     0 | D:1      | Reached XP level 1. HP: 11/11 MP: 2/2
    40 | D:1      | Reached skill level 5 in Stealth
   142 | D:1      | Reached XP level 2. HP: 13/15 MP: 3/3
   357 | D:1      | Found a faded altar of an unknown god.
   561 | D:1      | Reached XP level 3. HP: 16/18 MP: 4/4
   572 | D:1      | Reached skill level 6 in Stealth
   920 | D:2      | Gained mutation: Your natural rate of healing is unusually
                  | fast. [Vine Stalker growth]
   920 | D:2      | Reached XP level 4. HP: 17/23 MP: 5/5
  1099 | D:2      | Reached skill level 7 in Stealth
  1204 | D:2      | You fall into a shaft and drop 2 floors!
  1215 | D:4      | Found a staircase to the Ecumenical Temple.
  1227 | Temple   | Entered the Ecumenical Temple
  1227 | Temple   | Found a transporter.
  1227 | Temple   | Found a transporter.
  1229 | Temple   | Found a transporter.
  1229 | Temple   | Found a transporter.
  1259 | Temple   | Became a worshipper of Warmaster Okawaru
  1316 | D:4      | Identified the +1 pair of gloves of Servitude {rN+ Str-3
                  | Slay+2}
  1411 | D:4      | Reached XP level 5. HP: 26/26 MP: 6/6
  1437 | D:4      | Found an opulent altar of Gozag.
  1440 | D:4      | Found Gozag's Platinum Reserve.
  1685 | D:4      | Reached skill level 8 in Stealth
  1685 | D:4      | Reached XP level 6. HP: 30/30 MP: 7/7
  1720 | D:4      | Found an ancient bone altar of Kikubaaqudgha.
  1934 | D:3      | Reached * piety under Okawaru
  2046 | D:3      | Found a glowing drain.
  2062 | Sewer    | Entered a sewer
  2285 | Sewer    | Reached skill level 5 in Short Blades
  2285 | Sewer    | Reached XP level 7. HP: 22/34 MP: 8/8
  2416 | D:3      | Found a radiant altar of Vehumet.
  2466 | D:3      | Found a white marble altar of Elyvilon.
  3258 | D:2      | Found Hiac's Assorted Antiques.
  3496 | D:5      | Entered Level 5 of the Dungeon
  3549 | D:5      | Reached skill level 1 in Dodging
  3602 | D:5      | Found a broken altar of Ashenzari.
  3760 | D:5      | Gained mutation: You have razor-sharp teeth. [Vine Stalker
                  | growth]
  3760 | D:5      | Reached XP level 8. HP: 38/38 MP: 9/9
  3862 | D:5      | Noticed Edmund
  3935 | D:5      | Killed Edmund
  3935 | D:5      | Reached ** piety under Okawaru
  4804 | D:6      | Reached skill level 9 in Stealth
  5198 | D:6      | Noticed a two-headed ogre
  5200 | D:6      | Noticed ghwc's ghost (amateur GrWr)
  5204 | D:6      | Found a runed translucent gate.
  5204 | D:6      | Found a runed translucent gate.
  5204 | D:6      | Found a runed translucent gate.
  5267 | D:6      | Reached XP level 9. HP: 36/42 MP: 10/10
  5283 | D:6      | Reached *** piety under Okawaru
  5456 | D:6      | Found a sparkling altar of Nemelex Xobeh.
  5469 | D:6      | Found a runed translucent gate.
  5469 | D:6      | Found a runed translucent gate.
  5469 | D:6      | Found a runed translucent gate.
  5469 | D:6      | Noticed Artool's ghost (novice DsFi)
  5471 | D:6      | Found a basalt altar of Yredelemnul.
  5557 | D:6      | Reached skill level 10 in Stealth
  6050 | D:7      | Reached **** piety under Okawaru
  6240 | D:7      | Learned a level 5 spell: Metabolic Englaciation
  6247 | D:7      | Found Mouss's Antique Armour Shoppe.
  6295 | D:7      | Noticed Menkaure
  6299 | D:7      | Killed Menkaure
  6572 | D:8      | Noticed a two-headed ogre
  6605 | D:8      | Reached XP level 10. HP: 43/46 MP: 11/11
  6616 | D:8      | Killed a two-headed ogre
  6617 | D:8      | Reached skill level 5 in Dodging
  6617 | D:8      | Reached skill level 11 in Stealth
  7019 | D:8      | Noticed a two-headed ogre
  7033 | D:8      | Killed a two-headed ogre
  7034 | D:8      | Reached skill level 10 in Short Blades
  7252 | D:8      | Identified the +1 scale mail of Least Resistance {Slay+2}
  7865 | D:9      | Reached ***** piety under Okawaru
  7911 | D:9      | Reached skill level 12 in Stealth
  7973 | D:9      | Found a staircase to the Orcish Mines.
  8083 | D:9      | Noticed a two-headed ogre
  8093 | D:9      | Killed an unseen horror
  8099 | D:9      | Killed a two-headed ogre
  8099 | D:9      | Identified the +7 glaive of Etiu {speed, Int+3} (Okawaru
                  | gifted it to you on level 9 of the Dungeon)
  8099 | D:9      | Received a gift from Okawaru
  8100 | D:9      | Reached XP level 11. HP: 35/50 MP: 12/12
  8261 | D:9      | Found a stormy altar of Qazlal.
  8566 | D:9      | Gained mutation: You are frail. (-10% HP) [potion of
                  | mutation]
  8566 | D:9      | Gained mutation: You have hidden genetic potential. [potion
                  | of mutation]
  8566 | D:9      | Gained mutation: Your body sometimes deteriorates upon
                  | taking damage. [potion of mutation]
  8766 | D:9      | Found a sacrificial altar of Ru.
  8880 | Orc:1    | Entered Level 1 of the Orcish Mines
  8880 | Orc:1    | Noticed an orc warlord
  8880 | Orc:1    | Noticed an orc sorcerer
  8882 | Orc:1    | Noticed a soul eater
  8930 | D:9      | Reached skill level 1 in Hexes
  8931 | D:9      | Mangled by an orc warlord

Illustrated notes

Levels and vault maps discovered:
D:1:      minmay_arrival_diagonal_passages, layout_loops_ring,
          shapermc_ecumenical_altar_mp_highgroup, minmay_tetromino_o4
D:2:      layout_basic, serial_curves, eino_curves_02, eino_curves_01,
          serial_shops, shop
D:3:      layout_basic, mainiacjoe_overflow_cross_hatched, lemuel_round_altar,
          lightli_sewer_entry_pipes, kennysheep_generic_room_10
D:4:      layout_gridville, nicolae_gozag_zags_fifth_avenue,
          nicolae_kikubaaqudgha_miasma_corner, minmay_temple_entry_statues,
          hangedman_decor_push, kennysheep_nub
D:5:      layout_basic, nicolae_ashenzari_panopticon, uniq_edmund
D:6:      layout_rooms, nemelex_diamond_rough_becter,
          nicolae_yredelemnul_ghost_church, gammafunk_ghost_split
D:7:      layout_cave_pools, serial_gnoll_camp, gnoll_camp_mini_shop,
          gnoll_camp_mini_house, gnoll_camp_huts_basic, gnoll_camp_mini_hut,
          uniq_menkaure
D:8:      wander_river, layout_layer_cave
D:9:      layout_basic, general_overflow_altar, nicolae_overflow_hidden_temple,
          david_orc_3
Temple:   hellmonk_temple_divided_pantheon
Orc:1:    layout_diamond_mine, nicolae_orc_flooded_monolith, mines3_lemuel,
          uniq_jorgrun, uniq_erica

Skill      XL: |  1  2  3  4  5  6  7  8  9 10 11 |
---------------+----------------------------------+-----
Stealth        | 5 6 7 8 9 10 12 | 12.0
Short Blades   | 2 3 5 6 8 9 10 11 | 11.0
Dodging        | 1 2 4 7 |  7.4
Hexes          | 1 |  1.0
Fighting       | |  1.7
Throwing       | |  1.7
Shields        | |  0.8
Ice Magic      | |  0.9

Action                   |  1- 3 |  4- 6 |  7- 9 | 10-12 || total
-------------------------+-------+-------+-------+-------++-------
Melee: Dagger            |    77 |   228 |   529 |   280 ||  1114
       Bite              |    18 |    60 |   174 |   112 ||   364
       Punch             |       |     2 |     8 |     4 ||    14
Throw: Dart              |       |     1 |     2 |       ||     3
Invok: Heroism           |       |       |       |     1 ||     1
Evoke: Wand              |       |       |     4 |     7 ||    11
  Use: Potion            |       |     1 |     1 |     7 ||     9
       Scroll            |       |     4 |     6 |    10 ||    20
 Stab: Sleeping          |    12 |     5 |    17 |    10 ||    44
       Invisible         |       |     1 |       |       ||     1
       Distracted        |       |     1 |     2 |       ||     3
       Paralysed         |       |       |       |     2 ||     2
Armor: Robe              |    25 |    55 |   104 |    44 ||   228
       Skin              |       |       |    54 |       ||    54
Dodge: Dodged            |    29 |   108 |   216 |   143 ||   496
Block: Buckler           |       |       |       |    16 ||    16
